 Dungeon Crawl Stone Soup version 0.30-a0-652-gcc886f7154 (webtiles) character file.

Game seed: 10321878452684019399

62 bmack86 the Trooper (level 3, -1/33 HPs)
             Began as a Minotaur Fighter on Jan 18, 2023.
             Slain by an adder (3 damage)
             ... on level 2 of the Dungeon.
             The game lasted 00:03:05 (967 turns).

bmack86 the Trooper (Minotaur Fighter)               Turns: 967, Time: 00:03:06

Health: -1/33      AC: 10    Str: 22    XL:     3   Next: 85%
Magic:  2/2        EV: 12    Int:  5    God:
Gold:   71         SH:  4    Dex:  9    Spells: 2/2 levels left

rFire   + . .      SeeInvis .    a - +0 war axe
rCold   x . .      Faith    .    c - +0 buckler
rNeg    . . .      Spirit   .    k - +0 chain mail
rPois   .          Reflect  .    (helmet restricted)
rElec   .          Harm     .    (no cloak)
rCorr   .          Rampage  .    h - +0 pair of gloves
Will    .....                    (no boots) Stlth
                                 (no amulet)
HPRegen 0.25/turn                e - ring of fire
MPRegen 0.08/turn                b - +5 ring of evasion

@: no status effects
A: horns 2, retaliatory headbutt
a: no special abilities


You were on level 2 of the Dungeon.
You visited 1 branch of the dungeon, and saw 2 of its levels.

You collected 71 gold pieces.

Inventory:

Hand Weapons
 a - a +0 war axe (weapon)
Missiles
 g - 3 poisoned darts (quivered)
Armour
 c - a +0 buckler (worn)
 h - a +0 pair of gloves (worn)
 k - a +0 chain mail (worn)
Jewellery
 b - a +5 ring of evasion (right hand)
 e - a ring of fire (left hand)
Scrolls
 i - a scroll of teleportation
 j - a scroll of noise {unknown}
 n - a scroll of fog {unknown}
 o - a scroll of poison {unknown}
Potions
 d - a potion of might
 f - 2 potions of mutation
 l - a potion of brilliance {unknown}
 m - 2 potions of heal wounds {unknown}


   Skills:
 + Level 4.1 Fighting
 * Level 3.6 Axes
 + Level 0.9 Throwing
 + Level 4.0 Armour
 + Level 4.0 Shields


You had 2 spell levels left.
You didn't know any spells.
Your spell library was empty.

Dungeon Overview and Level Annotations

Branches:
Dungeon (2/15)

Altars:

Annotations:
D:2 Sigmund


Innate Abilities, Weirdness & Mutations

You have a pair of horns on your head.
You reflexively headbutt those who attack you in melee.


Message History

You slash the bat!
You kill the bat!
You barely miss the hobgoblin. The hobgoblin misses you.
You block the adder's attack.
Sigmund hits you from afar with a +0 scythe.
A ball python comes into view.
A hobgoblin comes into view.
The hobgoblin barely misses you. You furiously retaliate!
You headbutt the hobgoblin. The endoplasm freezes you.
You are frozen!
You feel a terrible chill! The adder bites you.
* * * LOW HITPOINT WARNING * * *
Items here: ) †††.
The hobgoblin shouts!
You hit Sigmund but do no damage. Your headbutt misses Sigmund.
You slash the adder! You hit the hobgoblin. You hit the endoplasm.
The adder closely misses you. The endoplasm freezes you.
You are frozen.
You feel a terrible chill!
* * * LOW HITPOINT WARNING * * *
The hobgoblin hits you but does no damage.
Sigmund completely misses you. You furiously retaliate!
You headbutt Sigmund. The adder bites you but does no damage.
The endoplasm freezes you.
You are frozen.
You feel a terrible chill!
* * * LOW HITPOINT WARNING * * *
The hobgoblin completely misses you.
You hit Sigmund. Your headbutt misses Sigmund.
Sigmund is moderately wounded.
You hit the adder. You hit the hobgoblin but do no damage.
You barely miss the endoplasm. The adder bites you but does no damage.
Sigmund closely misses you. You furiously retaliate!
You headbutt Sigmund! The endoplasm barely misses you.
You block the hobgoblin's attack. The adder closely misses you.
You completely miss Sigmund.
Sigmund is heavily wounded.
You hit the adder but do no damage. You barely miss the hobgoblin.
You slash the endoplasm!
You kill the endoplasm!
The adder bites you.
You die...

.#... #####.....
#### #........# .
..# #.......# ..
#.# #.......#. ##.
##.###.........
#...##.....)S..<.#
#...........@@g..#
#...##..###.gS....#
###.###..#
#.........
.........#
#.........
###.###.##
####...#.# #.###.#
...# # #.....# ####
#.###.#####.##
######.###.........


You could see Sigmund, an adder, 2 hobgoblins and a ball python.

Vanquished Creatures
  3 adders (D:2)
  A dart slug (D:1)
  6 endoplasms
  5 goblins
  3 hobgoblins
  2 bats
  2 frilled lizards (D:1)
  8 kobolds
  4 rats
34 creatures vanquished.

Notes
Turn   | Place    | Note
-------+----------+-------------------------------------------
     0 | D:1      | bmack86 the Minotaur Fighter began the quest for the Orb.
     0 | D:1      | Reached XP level 1. HP: 19/19 MP: 0/0
   184 | D:1      | Reached XP level 2. HP: 27/27 MP: 1/1
   916 | D:2      | Reached XP level 3. HP: 30/33 MP: 2/2
   958 | D:2      | Noticed Sigmund
   967 | D:2      | Slain by an adder

Illustrated notes

Levels and vault maps discovered:
D:1:      wander_arrival_lonely_grave, layout_basic, serial_curves,
          eino_curves_03, eino_curves_04
D:2:      layout_loops_ring, basic_altar, minmay_pentomino_w4, uniq_jessica,
          uniq_terence, uniq_sigmund

Skill      XL: |  1  2  3 |
---------------+----------+-----
Axes           | 3 |  3.6
Fighting       | 4 |  4.1
Armour         | 4 |  4.0
Shields        | 4 |  4.0
Throwing       | |  0.9

Action                   || total
-------------------------++-------
Melee: War axe           ||    47
       Headbutt          ||     4
Throw: Dart              ||     5
  Use: Scroll            ||     2
Armor: Scale mail        ||    11
       Chain mail        ||    18
Dodge: Dodged            ||    44
Block: Buckler           ||    12

Table legend: (Time is in decaauts)
 A = Elapsed time spent in this place.
 B = Non-inter-level travel time spent in this place.
 C = Inter-level travel time spent in this place.
 D = Time resting spent in this place.
 E = Time spent auto-exploring this place.
 F = Levels seen in this place.
 G = Mean time per level.
                   A        B        C        D        E       F      G
               +--------+--------+--------+--------+--------+-----+--------+
         Total |    983 |    975 |      8 |      0 |    624 |   2 |  491.5 |
       Dungeon |    983 |    975 |      8 |      0 |    624 |   2 |  491.5 |
               +--------+--------+--------+--------+--------+-----+--------+

Top non-repeatable levels by time:
     D:1: 884 daAuts
     D:2: 99 daAuts
